Construct Section Command Post
Selects Australian Defense Battlegroup
Selects Australian Light Infantry Section
Australian Light Infantry Section
Australian Light Infantry Section
Construct Field Infirmary
Construct Platoon Command Post
Selects 2-pounder Anti-tank Gun Team
2-pounder Anti-tank Gun Team
Selects CMP 15cwt Supply Run
Unlock M3 Stuart Light Tanks
6-pounder Anti-tank Gun Team
Selects Reinforced Resource Caches
Construct Company Command Post
Selects Archer Tank Destroyer
Australian Light Infantry Section